 Dungeon Crawl Stone Soup version 0.22-a0-284-g99d1f74 (webtiles) character file.

229 Firecrotchwizard the Spear-Bearer (level 6, -7/48 HPs)
             Began as a Merfolk Gladiator on Mar 22, 2018.
             Mangled by NateTC's ghost (9 damage)
             ... on level 4 of the Dungeon.
             The game lasted 00:07:32 (3591 turns).

Firecrotchwizard the Spear-Bearer (MfGl)            Turns: 3591, Time: 00:07:32

Health: -7/48      AC:  8    Str: 14    XL:     6   Next: 3%
Magic:  6/6        EV: 13    Int:  7    God:
Gold:   243        SH:  0    Dex: 18    Spells: 5/5 levels left

rFire    . . .     SeeInvis +   a - +0 trident
rCold    . . .     Gourm    .   (no shield)
rNeg     . . .     Faith    .   h - +0 ring mail
rPois    .         Spirit   .   c - +0 helmet
rElec    .         Reflect  .   (no cloak)
rCorr    .         Harm     .   n - +0 pair of gloves
MR       .....                  k - +0 pair of boots
Stlth    +.........             (no amulet)
HPRegen  0.16/turn              v - ring of see invisible {sInv, !d}
MPRegen  0.10/turn              (no ring)

@: no status effects
A: change form in water, swift swim, stealthy swim
a: no special abilities


You were on level 4 of the Dungeon.
You were not hungry.

You visited 1 branch of the dungeon, and saw 4 of its levels.

You collected 243 gold pieces.

Inventory:

Hand Weapons
 a - a +0 trident (weapon)
 r - a +0 halberd
   (You took it off a gnoll on level 2 of the Dungeon)
Missiles
 d - 2 throwing nets {=f, !d}
 y - 3 javelins (quivered)
Armour
 b - a +0 leather armour
 c - a +0 helmet (worn)
 h - a +0 ring mail (worn)
   (You found it on level 1 of the Dungeon)
 k - a +0 pair of boots (worn)
   (You found it on level 1 of the Dungeon)
 n - a +0 pair of gloves (worn)
   (You found it on level 1 of the Dungeon)
Jewellery
 o - an uncursed amulet of faith {Faith, !P}
   (You found it on level 1 of the Dungeon)
 v - a ring of see invisible (left hand) {sInv, !d}
   (You found it on level 3 of the Dungeon)
 w - a +5 ring of protection {unknown}
   (You found it on level 3 of the Dungeon)
Scrolls
 e - 2 scrolls of teleportation
 i - 4 scrolls of remove curse
 j - 2 scrolls of amnesia
 m - a scroll of magic mapping {unknown}
 p - 2 scrolls of fear {unknown}
 x - a scroll of random uselessness {unknown}
Potions
 l - 2 potions of brilliance
 q - 2 potions of curing
 s - a potion of agility {unknown}
 u - a potion of resistance {unknown}
 z - a potion of mutation {unknown}
Comestibles
 f - 3 rations {@e1}


   Skills:
 + Level 4.1 Fighting
 * Level 8.1 Polearms
 - Level 2.0 Throwing
 - Level 4.0 Dodging


You had 5 spell levels left.
You didn't know any spells.

Dungeon Overview and Level Annotations

Branches:
Dungeon (4/15)
 Temple: D:4-7

Altars:
Sif Muna

Annotations:
D:4 NateTC's ghost, amateur TrHu


Message History

You open the door.
There is an open door here.
There is an open door here.
There is an open door here.
You open the door.
There is an open door here.
You open the door.
There is an open door here.
You open the door.
A hound comes into view.
There is an open door here.
Throwing (i - inventory)
y - 4 javelins (quivered)
Aim: a hound You throw a javelin.
The javelin barely misses the hound.
The hound stops to sniff the ground.
Throwing (i - inventory)
y - 3 javelins (quivered)
Aim: a hound You throw a javelin.
The javelin hits the hound!
Attack whom?
Aim: a hound (almost dead)
You reach to attack!
You hit the hound.
You kill the hound!
Your Fighting skill increases to level 4!
No target in view!
y - 3 javelins (gained 1)
y - 4 javelins (gained 1)
f - 3 rations {@e1} (gained 1)
A worker ant comes into view.
The worker ant twitches its antennae in your direction.
Throwing (i - inventory)
y - 4 javelins (quivered)
Aim: a worker ant You throw a javelin.
The javelin closely misses the worker ant.
Throwing (i - inventory)
y - 3 javelins (quivered)
Aim: a worker ant You throw a javelin.
The javelin closely misses the worker ant.
Attack whom?
Aim: a worker ant You reach to attack!
You puncture the worker ant!
You hit the worker ant but do no damage.
The worker ant closely misses you.
You barely miss the worker ant. The worker ant bites you.
You take 2 damage, and have 40/42 hp.
You puncture the worker ant!
The worker ant bites you but does no damage.
You hit the worker ant but do no damage.
The worker ant bites you but does no damage.
You hit the worker ant.
You kill the worker ant!
Your Polearms skill increases to level 8!
You have reached level 6!
Your experience leads to an increase in your attributes!
Increase (S)trength, (I)ntelligence, or (D)exterity?
You feel agile.
You regained 6 hp, and now have 47/48 hp.
MP restored: 6
y - 4 javelins (gained 2)
You now have 243 gold pieces (gained 14).
There is an open door here.
NateTC's ghost turns its malevolent gaze towards you.
Health restored: 48 Throwing (i - inventory)
y - 4 javelins (quivered)
Aim: NateTC's ghost You throw a javelin.
The javelin hits NateTC's ghost!
Your ring mail prevents you from hitting NateTC's ghost.
NateTC's ghost closely misses you.
You hit NateTC's ghost. You closely miss NateTC's ghost.
NateTC's ghost hits you but does no damage.
You closely miss NateTC's ghost.
NateTC's ghost hits you but does no damage.
You completely miss NateTC's ghost. NateTC's ghost closely misses you.
You hit NateTC's ghost. NateTC's ghost hits you.
You take 4 damage, and have 44/48 hp.
Your ring mail prevents you from hitting NateTC's ghost.
NateTC's ghost hits you.
You take 3 damage, and have 41/48 hp.
You hit NateTC's ghost. NateTC's ghost hits you!
You take 13 damage, and have 28/48 hp.
MASSIVE DAMAGE!!
You closely miss NateTC's ghost. NateTC's ghost misses you.
You hit NateTC's ghost but do no damage.
NateTC's ghost misses you.
You barely miss NateTC's ghost. You hit NateTC's ghost.
NateTC's ghost closely misses you.
You hit NateTC's ghost but do no damage.
NateTC's ghost hits you.
You take 6 damage, and have 22/48 hp.
You hit NateTC's ghost. NateTC's ghost hits you!
* * * LOW HITPOINT WARNING * * *
You take 13 damage, and have 9/48 hp.
MASSIVE DAMAGE!!
You puncture NateTC's ghost! NateTC's ghost barely misses you.
You hit NateTC's ghost. NateTC's ghost hits you!
* * * LOW HITPOINT WARNING * * *
You take 7 damage, and have 2/48 hp.
You hit NateTC's ghost but do no damage.
NateTC's ghost hits you!
You die...

+......# #... .#
.#..#......######.. .
...............).. +.
.........#....#### #.
....^....#....# ...
#.(#.########....#
##...#..#.............#
##....#..W.............#
##.....# #@............#
##......####.............#
.#)...............####....#
..................# #....#
..+..............# +....#
#...............### ....####
#......##'#....##.#######.#.
#......#..+....#...'........
#.###'##..#....#...#........


You could see NateTC's ghost.

Vanquished Creatures
  An orc wizard (D:3)
  A hound (D:4)
  A worker ant (D:4)
  Robin (D:4)
  3 gnolls (D:2)
  5 adders
  2 worms
  2 leopard geckos
  3 orcs (D:3)
  7 bats
  A giant cockroach (D:3)
  14 goblins
  3 hobgoblins
  4 jackals
  A ball python (D:1)
  A frilled lizard (D:2)
  3 kobolds
  5 rats
58 creatures vanquished.

Notes
Turn   | Place    | Note
-------+----------+-------------------------------------------
     0 | D:1      | Firecrotchwizard the Merfolk Gladiator began the quest for the Orb.
     0 | D:1      | Reached XP level 1. HP: 16/16 MP: 1/1
   911 | D:2      | Reached XP level 2. HP: 23/23 MP: 2/2
   916 | D:2      | Reached skill level 5 in Polearms
  1059 | D:2      | HP: 5/23 [gnoll/spear (4)]
  1060 | D:2      | Reached XP level 3. HP: 6/28 MP: 3/3
  1063 | D:2      | Reached skill level 3 in Fighting
  1345 | D:2      | Reached skill level 6 in Polearms
  1429 | D:2      | Reached XP level 4. HP: 27/35 MP: 4/4
  1864 | D:3      | You fall through a shaft!
  1941 | D:4      | Noticed Robin
  1966 | D:4      | Killed Robin
  1986 | D:4      | Reached skill level 7 in Polearms
  2106 | D:4      | Noticed NateTC's ghost (amateur TrHu)
  2136 | D:3      | Reached XP level 5. HP: 39/41 MP: 5/5
  2554 | D:3      | Found a deep blue altar of Sif Muna.
  3500 | D:4      | Reached skill level 4 in Fighting
  3531 | D:4      | Reached skill level 8 in Polearms
  3531 | D:4      | Reached XP level 6. HP: 47/48 MP: 6/6
  3588 | D:4      | HP: 9/48 [NateTC's ghost (14)]
  3590 | D:4      | HP: 2/48 [NateTC's ghost (7)]
  3591 | D:4      | Mangled by NateTC's ghost

Vault maps used:
D:1:      saegor_arrival_simple_a, grunt_decor_fettered
D:3:      led_sif_pool
D:4:      marbit_many_paths, first_ration, nemelex_diamond_rough_becter,
          uniq_robin

Skill      XL: |  1  2  3  4  5 |
---------------+----------------+-----
Polearms       | 5 6 7 8 |  8.1
Fighting       | 3 4 |  4.1
Throwing       | |  2.0
Dodging        | |  4.0

Action                   |  1- 3 |  4- 6 || total
-------------------------+-------+-------++-------
Melee: Trident           |    61 |   176 ||   237
       Halberd           |     2 |       ||     2
Throw: Throwing net      |     1 |       ||     1
       Javelin           |       |     5 ||     5
  Use: Scroll            |     5 |     2 ||     7
 Stab: Held in net/web   |     2 |       ||     2
  Eat: Chunk             |     2 |     4 ||     6
       Ration            |       |     1 ||     1
Armor: Ring mail         |    19 |    48 ||    67
Dodge: Dodged            |    46 |    80 ||   126

Table legend:
 A = Spawn XP
 B = Non-spawn XP
 C = Spawn XP percentage of total XP
 D = Spawn monster count
 E = Non-spawn monster count
 F = Spawn count percentage of total count
 G = Total turns spent on level
                    A         B        C        D         E        F      G
               +---------+---------+-------+---------+---------+-------+---------
         Total |       0 |     328 |   0.0 |       0 |      58 |   0.0 |  3591
               +---------+---------+-------+---------+---------+-------+---------
           D:1 |       0 |      13 |   0.0 |       0 |       7 |   0.0 |  1070
           D:2 |       0 |      91 |   0.0 |       0 |      19 |   0.0 |   690
           D:3 |       0 |     115 |   0.0 |       0 |      18 |   0.0 |  1254
           D:4 |       0 |     109 |   0.0 |       0 |      14 |   0.0 |   577
               +---------+---------+-------+---------+---------+-------+---------

Vault maps used:
D:1:      saegor_arrival_simple_a, grunt_decor_fettered
D:3:      led_sif_pool
D:4:      marbit_many_paths, first_ration, nemelex_diamond_rough_becter,
          uniq_robin

Table legend:
 A = Turns spent in this place as a percentage of turns spent in the entire game.
 B = Non-inter-level travel turns spent in this place as a percentage of non-inter-level travel turns spent in the entire game.
 C = Inter-level travel turns spent in this place as a percentage of turns spent in this place.
 D = Turns resting spent in this place as a percentage of non-inter-level travel turns spent in this place.
 E = Turns spent auto-exploring this place as a percentage of non-inter-level travel turns spent in this place.
 F = Non-inter-level travel turns spent in this place divided by the number of levels of this place that you've seen.
                   A       B       C       D       E      F
               +-------+-------+-------+-------+-------+----------------------
         Total | 100.0 | 100.0 |   6.8 |  27.7 |  54.2 | 837.0
       Dungeon | 100.0 | 100.0 |   6.8 |  27.7 |  54.2 | 837.0
               +-------+-------+-------+-------+-------+----------------------

Table legend:
 A = Kills in this place as a percentage of kills in entire the game.
 B = Kills by you in this place as a percentage of kills by you in the entire game.
 C = Kills by friends in this place as a percentage of kills by friends in the entire game.
 D = Other kills in this place as a percentage of other kills in the entire game.
 E = Experience gained in this place as a percentage of experience gained in the entire game.
 F = Experience gained in this place divided by the number of levels of this place that you have seen.
                   A       B       C       D       E      F
               +-------+-------+-------+-------+-------+----------------------
         Total | 100.0 | 100.0 |   N/A |   N/A | 100.0 |  82.0
       Dungeon | 100.0 | 100.0 |   N/A |   N/A | 100.0 |  82.0
               +-------+-------+-------+-------+-------+----------------------
